 Dungeon Crawl Stone Soup version 0.29.1-12-g30fa7ad0bf (webtiles) character file.

Game seed: 18042284482592581782

18260 javelincjr the Cleaver (level 12, -1/113 HPs)
             Began as a Green Draconian Berserker on Jan 11, 2023.
             Was a High Priest of Trog.
             Slain by an ogre mage
             ... wielding a +0 halberd
              (9 damage)
             ... while paralysed by an ogre mage
             ... on level 2 of the Orcish Mines on Jan 12, 2023.
             The game lasted 01:08:35 (10694 turns).

javelincjr the Cleaver (Green Draconian Berserker) Turns: 10694, Time: 01:08:37

Health: -1/113     AC: 16    Str: 19    XL:     12   Next: 26%
Magic:  12/12      EV:  2    Int:  8    God:    Trog [*****.]
Gold:   1694       SH:  0    Dex: 16    Spells: 11/11 levels left

rFire   . . .      SeeInvis .   M - +0 war axe
rCold   . . .      Faith    .   y - +0 kite shield
rNeg    . . .      Spirit   .   (body armour unavailable)
rPois   +          Reflect  +   (helmet restricted)
rElec   .          Harm     .   b - +0 cloak
rCorr   .          Rampage  .   m - +0 pair of gloves
Will    .....                   h - +1 pair of boots
Stlth   ++++......              d - amulet of Addah {Reflect Slay+2 SH+5}
HPRegen 0.28/turn               q - +4 ring of slaying
MPRegen 0.13/turn               L - +4 ring of protection

@: paralysed, lethally poisoned (-1 -> -19), on berserk cooldown, slowed
A: breathe noxious fumes, AC +8, unfitting armour, poison resistance,
cold-blooded, robust 1
a: Breathe Noxious Fumes, Renounce Religion, Berserk, Trog's Hand, Brothers in
Arms


You were on level 2 of the Orcish Mines.
You worshipped Trog.
Trog was extremely pleased with you.
You visited 3 branches of the dungeon, and saw 13 of its levels.
You also visited: Bailey.

You collected 1694 gold pieces.

Inventory:

Hand Weapons
 a - the +4 trident of Foul Odours {vorpal, *Slow rC++}
   (You took it off an orc warrior on level 10 of the Dungeon)

   It inflicts extra damage upon your enemies.
   rC:        It greatly protects you from cold.
   *Slow:     It may slow you when you take damage.
 p - a +0 sling of freezing
 r - a +4 vorpal spear
 A - a +0 shortbow
 F - a +0 battleaxe
 G - a +3 long sword of freezing
 H - a +3 hand axe
 M - a +0 war axe (weapon)
 P - a +2 spear of freezing
 T - a +2 antimagic spear
 U - a +0 flail of holy wrath
 X - a +0 longbow
Missiles
 e - 98 stones
 v - 2 throwing nets
 w - 16 poisoned darts
 E - 32 boomerangs (quivered)
 K - 5 datura-tipped darts
 R - a curare-tipped dart
Armour
 b - a +0 cloak (worn)
 c - a +0 buckler
 h - a +1 pair of boots (worn)
 m - a +0 pair of gloves (worn)
 x - an orb of light
 y - a +0 kite shield (worn)
Jewellery
 d - the amulet of Addah (around neck) {Reflect Slay+2 SH+5}
   (You acquired it in the Ecumenical Temple)

   [amulet of reflection]

   It reflects blocked missile attacks.
   Slay:      It affects your accuracy & damage with ranged weapons and melee
   (+2).
   SH:        It affects your SH (+5).
 q - a +4 ring of slaying (left hand)
 C - a +4 ring of evasion
 L - a +4 ring of protection (right hand)
 N - a ring of flight
Wands
 B - a wand of charming (3)
 O - a wand of mindburst (23)
 V - a wand of flame (3)
 W - a wand of acid (7)
Scrolls
 f - a scroll of poison
 g - 4 scrolls of teleportation
 I - a scroll of identify
Potions
 i - 2 potions of heal wounds
 j - 2 potions of attraction
 k - a potion of berserk rage
 l - 4 potions of haste
 n - 4 potions of lignification
 o - 2 potions of curing
 s - a potion of ambrosia
 t - 4 potions of flight
 u - a potion of invisibility
 z - 2 potions of cancellation
 D - a potion of mutation
 Q - a potion of might
Miscellaneous
 J - a box of beasts


   Skills:
 + Level 8.7 Fighting
 + Level 9.6(11.2) Axes
 + Level 9.2(11.0) Polearms
 + Level 1.6 Ranged Weapons
 + Level 3.6 Throwing
 + Level 7.3 Dodging
 + Level 7.3 Stealth
 + Level 8.1 Shields


You had 11 spell levels left.
You didn't know any spells.
Your spell library was empty.

Dungeon Overview and Level Annotations

Branches:
Dungeon (10/15)            Temple (1/1) D:5             Orc (2/2) D:10
 Bailey (visited)
   Lair: D:8-11         Elf: Orc:2

Altars:
Ashenzari
Cheibriados
Dithmenos
Elyvilon
Fedhas
Gozag
Hepliaklqana
Kikubaaqudgha
Makhleb
Nemelex Xobeh
Okawaru
Qazlal
Ru
Sif Muna
Trog
Uskayaw
Vehumet
Wu Jian
Xom
Yredelemnul
Zin
The Shining One

Shops:
D:1 ?   D:3 (((


Innate Abilities, Weirdness & Mutations

You can breathe blasts of noxious fumes.
Your lurid green scales are hard. (AC +8)
You cannot fit into any form of body armour.
Your system is resistant to poisons. (rPois)
You are cold-blooded and may be slowed by cold attacks.
You are robust. (+10% HP)


Message History

The two-headed ogre hits you with a +0 giant spiked club.
You barely miss the two-headed ogre. You tail-slap the two-headed ogre.
The two-headed ogre is lightly wounded.
You slash the two-headed ogre!
You feel sick.
Your ogre hits the two-headed ogre with a +0 giant club!!!
The ogre mage gestures at you while chanting.
You suddenly lose the ability to move!
The two-headed ogre hits you with a +0 giant club.
* * * LOW HITPOINT WARNING * * *
The two-headed ogre hits you with a +0 dire flail!
* * * LOW HITPOINT WARNING * * *
Your ogre hits the two-headed ogre with a +0 giant club!!
The two-headed ogre dies!
Trog accepts your kill.
The ogre mage gestures wildly while chanting.
The ogre mage flickers and vanishes!
You hear two shouts!
You feel sick.
You hear a shout! x2
The two-headed ogre hits you with a +0 giant club.
* * * LOW HITPOINT WARNING * * *
The two-headed ogre hits you with a +0 dire flail.
* * * LOW HITPOINT WARNING * * *
Something hits you but does no damage.
You hear some strange, mumbled words.
You feel sick.
Your ogre hits the two-headed ogre with a +0 giant club!!
Something hits you but does no damage.
You are more poisoned.
Something hits you but does no damage.
The two-headed ogre hits you with a +0 giant club.
* * * LOW HITPOINT WARNING * * *
The two-headed ogre hits you but does no damage.
* * * LOW HITPOINT WARNING * * *
You feel very sick.
Your ogre barely misses the two-headed ogre.
Something hits you but does no damage.
You are more poisoned.
Something hits you!
You die...

.............
..........#.
#..........###.
#..........#..
.##.............
..#.............
.............#..
....){))).......
.#).{)@...#....
#...OO....$...
##..#...#.#.##.
###...#..#### #
.....#...#
...#...##
.#.##...##
....##...#
........##


You could see a two-headed ogre (ally target) and a friendly ogre (summoned,
berserk).

Vanquished Creatures
  A centaur warrior (D:9)
  5 two-headed ogres
  An orc high priest (Orc:1)
  An ugly thing (D:9)
  An orc knight (Orc:1)
  2 cyclopes (Orc:2)
  3 orc sorcerers
  A kobold demonologist (D:9)
  A hornet (D:8)
  4 trolls
  A slime creature (D:9)
  A shadow (D:10)
  A wyvern (D:9)
  A vampire (D:10)
  11 yaks (D:9)
  A steam dragon (D:9)
  2 wargs (Orc:1)
  2 acid dragons
  An ice beast (D:6)
  A black bear (D:6)
  A sky beast (D:8)
  19 orc warriors
  15 ogres
  8 centaurs
  2 phantoms (D:5)
  2 kobold brigands
  3 bullfrogs
  2 necrophages (D:7)
  A gnoll sergeant (D:5)
  2 scorpions
  10 wights
  6 killer bees (D:9)
  A howler monkey (D:6)
  The ghost of Adverbial the Magician, a weakling OpHW (D:4)
  3 hounds
  2 jellies (D:7)
  8 orc priests
  A gnoll bouda (D:9)
  2 iguanas
  Natasha (thrice) (D:2)
  Terence (D:3)
  10 orc wizards
  Robin (D:2)
  16 gnolls
  9 adders
  2 white imps
  An ufetubus (D:5)
  A worm (D:2)
  A dart slug (D:4)
  37 orcs
  7 ball pythons
  3 bats
  8 endoplasms
  2 giant cockroaches
  20 goblins
  18 hobgoblins
  4 jackals (D:3)
  19 kobolds
  A quokka (D:3)
  2 frilled lizards
  A rat (D:2)
298 creatures vanquished.

Vanquished Creatures (collateral kills)
  A two-headed ogre (Orc:2)
1 creature vanquished.

Vanquished Creatures (others)
  5 demonic plants (D:2)
  3 fungi (D:2)
  A plant (D:2)
  3 withered plants (D:2)
12 creatures vanquished.

Grand Total: 311 creatures vanquished

Notes
Turn   | Place    | Note
-------+----------+-------------------------------------------
     0 | D:1      | javelincjr the Draconian Berserker began the quest for the
                  | Orb.
     0 | D:1      | Reached XP level 1. HP: 19/19 MP: 1/1
   424 | D:1      | Reached XP level 2. HP: 26/27 MP: 2/2
   572 | D:1      | Found Irphiqek's Magic Scroll Shop.
  1131 | D:2      | Reached XP level 3. HP: 33/33 MP: 3/3
  1141 | D:2      | Found a faded altar of an unknown god.
  1194 | D:2      | Noticed Robin
  1198 | D:2      | Reached ** piety under Trog
  1207 | D:2      | Killed Robin
  1393 | D:2      | Reached XP level 4. HP: 39/40 MP: 4/4
  1517 | D:2      | Noticed Natasha
  1529 | D:2      | Killed Natasha
  1669 | D:2      | Noticed Natasha
  1679 | D:2      | Killed Natasha
  1722 | D:2      | Noticed Natasha
  1732 | D:2      | Killed Natasha
  1733 | D:2      | Reached XP level 5. HP: 44/46 MP: 5/5
  1832 | D:3      | Found Zoisauc's Weapon Shoppe.
  1851 | D:3      | Reached skill level 1 in Shields
  1894 | D:3      | Noticed Terence
  1902 | D:3      | Killed Terence
  1903 | D:3      | Reached skill level 5 in Axes
  1932 | D:3      | Found Xumur's Weapon Shop.
  2162 | D:3      | Found Vaoshros's Antique Weapon Shop.
  2416 | D:4      | Reached *** piety under Trog
  2428 | D:4      | Reached XP level 6. HP: 47/53 MP: 6/6
  2617 | D:4      | Reached skill level 1 in Stealth
  2710 | D:4      | Found a runed translucent gate.
  2710 | D:4      | Found a runed translucent gate.
  2710 | D:4      | Found a runed translucent gate.
  2717 | D:4      | Noticed Adverbial's ghost (weakling OpHW)
  2728 | D:4      | Killed Adverbial's ghost
  3058 | D:4      | Identified the +2 leather armour of Viluelu {SInv}
  3094 | D:5      | Entered Level 5 of the Dungeon
  3124 | D:5      | Found a staircase to the Ecumenical Temple.
  3126 | D:5      | Your scales start taking on a lurid green colour.
  3126 | D:5      | Reached XP level 7. HP: 34/60 MP: 7/7
  3126 | D:5      | Gained mutation: Your system is resistant to poisons.
                  | (rPois) [Green Draconian growth]
  3265 | Temple   | Entered the Ecumenical Temple
  3265 | Temple   | Found a transporter.
  3265 | Temple   | Found a transporter.
  3267 | Temple   | Found a transporter.
  3267 | Temple   | Found a transporter.
  3304 | Temple   | Gained mutation: You are robust. (+10% HP) [potion of
                  | mutation]
  3313 | Temple   | Identified a scroll of acquirement
  3313 | Temple   | Acquired the amulet of Addah {Reflect Slay+2 SH+5}
  3393 | D:5      | Reached skill level 5 in Fighting
  4149 | D:5      | Found a faded altar of an unknown god.
  4149 | D:5      | Found a faded altar of an unknown god.
  4157 | D:5      | Found a snail-covered altar of Cheibriados.
  4159 | D:5      | Found a burning altar of Makhleb.
  4161 | D:5      | Found an iron altar of Okawaru.
  4257 | D:6      | Reached **** piety under Trog
  4269 | D:6      | Reached skill level 1 in Polearms
  4269 | D:6      | Reached XP level 8. HP: 52/74 MP: 8/8
  4470 | D:6      | Noticed a two-headed ogre
  4485 | D:6      | Killed a two-headed ogre
  4486 | D:6      | Reached skill level 1 in Ranged Weapons
  4486 | D:6      | Reached skill level 1 in Throwing
  4486 | D:6      | Reached skill level 5 in Dodging
  4714 | D:6      | Reached XP level 9. HP: 70/82 MP: 9/9
  5537 | D:7      | Reached skill level 5 in Polearms
  5606 | D:7      | You fall into a shaft and drop 3 floors!
  5606 | D:10     | Entered Level 10 of the Dungeon
  5865 | D:9      | Reached skill level 5 in Shields
  6012 | D:7      | Found a flagged portal.
  6023 | D:7      | Reached XP level 10. HP: 92/92 MP: 10/10
  6033 | Bailey   | Entered a bailey
  6553 | D:7      | Reached ***** piety under Trog
  7670 | D:9      | Received a gift from Trog
  7807 | D:9      | Reached skill level 5 in Stealth
  8125 | D:9      | Noticed a brown ugly thing
  8128 | D:9      | Noticed a centaur warrior
  8153 | D:9      | Killed a brown ugly thing
  8163 | D:9      | Killed a centaur warrior
  8164 | D:9      | Reached XP level 11. HP: 101/102 MP: 11/11
  9120 | D:10     | Identified the +4 trident of Foul Odours {vorpal, *Slow
                  | rC++}
  9174 | D:10     | Found a staircase to the Orcish Mines.
  9189 | Orc:1    | Entered Level 1 of the Orcish Mines
  9259 | Orc:2    | Entered Level 2 of the Orcish Mines
  9373 | Orc:2    | Noticed an orc sorcerer
  9382 | Orc:2    | Paralysed by an orc sorcerer for 3 turns
  9389 | Orc:2    | Killed an orc sorcerer
  9557 | Orc:1    | Noticed an orc knight
  9564 | Orc:1    | Noticed an orc sorcerer
  9568 | Orc:1    | Noticed a sun demon
  9578 | Orc:1    | Killed an orc knight
  9582 | Orc:1    | Killed an orc sorcerer
  9906 | Orc:1    | Noticed an orc sorcerer
  9915 | Orc:1    | Noticed an orc high priest
  9926 | Orc:1    | Killed an orc sorcerer
  9931 | Orc:1    | Noticed a sixfirhy
  9935 | Orc:1    | Killed an orc high priest
 10639 | Orc:2    | Noticed a two-headed ogre
 10649 | Orc:2    | Noticed a two-headed ogre
 10652 | Orc:2    | Noticed a two-headed ogre
 10653 | Orc:2    | Killed a two-headed ogre
 10655 | Orc:2    | Noticed an ogre mage
 10659 | Orc:2    | Reached XP level 12. HP: 113/113 MP: 12/12
 10667 | Orc:2    | Killed a two-headed ogre
 10673 | Orc:2    | Killed a two-headed ogre
 10674 | Orc:2    | Noticed a two-headed ogre
 10684 | Orc:2    | Noticed a two-headed ogre
 10684 | Orc:2    | Noticed a two-headed ogre
 10687 | Orc:2    | Noticed an ogre mage
 10690 | Orc:2    | Killed a two-headed ogre
 10691 | Orc:2    | Paralysed by an ogre mage for 5 turns
 10691 | Orc:2    | Killed a two-headed ogre
 10694 | Orc:2    | Slain by an ogre mage

Illustrated notes

Levels and vault maps discovered:
D:1:      dpeg_arrival_simpleton_c, layout_loops_ring, serial_shops, shop
D:2:      layout_rooms, shapermc_ecumenical_altar_gd, uniq_natasha, uniq_robin
D:3:      layout_rooms, serial_shops, shop, shop, nicolae_lakefront_shop,
          minmay_crystal_room, st_stairs_8, uniq_terence
D:4:      layout_basic, ebering_ghost_rock_garden, st_stairs_10
D:5:      layout_gridville, chequers_temple_overflow_minitemple,
          minmay_temple_entry_offerings, serial_park_tiny_pond
D:6:      layout_loops_ring
D:7:      layout_loops_corners, enter_bailey_5
D:8:      layout_cave_pools, kennysheep_generic_room_14
D:9:      layout_gridville, grunt_tough_drop
D:10:     layout_basic, david_orc_4, hangedman_decor_diamond_cutter,
          minivault_23, st_stairs_9
Temple:   hellmonk_temple_divided_pantheon
Orc:1:    layout_diamond_mine, nicolae_orc_stony_grotto
Orc:2:    st_orc_ogre_mass, layout_caves

Skill      XL: |  1  2  3  4  5  6  7  8  9 10 11 12 |
---------------+-------------------------------------+-----
Dodging        | 3 4 5 6 7 |  7.3
Axes           | 4 5 6 7 9 |  9.6
Fighting       | 4 5 6 7 8 |  8.7
Shields        | 1 2 3 5 6 7 8 |  8.1
Stealth        | 1 2 4 5 7 |  7.3
Polearms       | 1 3 6 8 9 |  9.2
Ranged Weapons | 1 |  1.6
Throwing       | 1 2 3 |  3.6

Action                   |  1- 3 |  4- 6 |  7- 9 | 10-12 || total
-------------------------+-------+-------+-------+-------++-------
Melee: Hand axe          |    97 |   131 |    13 |       ||   241
       Tailslap          |     9 |    15 |    24 |    58 ||   106
       Spear             |       |       |   161 |   297 ||   458
       War axe           |       |       |       |    63 ||    63
 Fire: Sling             |       |       |     4 |       ||     4
Throw: Stone             |       |     1 |     5 |       ||     6
       Boomerang         |       |       |     5 |    31 ||    36
Invok: Berserk           |       |       |     1 |     5 ||     6
       Brothers in Arms  |       |       |       |     1 ||     1
 Abil: Breathe Noxious F |       |       |     8 |    21 ||    29
  Use: Scroll            |       |       |    15 |     5 ||    20
       Potion            |       |       |     1 |       ||     1
 Stab: Sleeping          |       |       |     5 |     5 ||    10
       Confused          |       |       |     1 |    16 ||    17
Armor: Skin              |    25 |    41 |    17 |    70 ||   153
Dodge: Dodged            |    67 |    69 |    46 |   116 ||   298
Block: Buckler           |    11 |    15 |    10 |       ||    36
       Kite shield       |       |       |    72 |   195 ||   267
       Reflection        |       |       |     7 |    17 ||    24
